 Dungeon Crawl Stone Soup version 0.29-a0-398-ge13fd1374b (webtiles) character file.

Game seed: 16802799582600703896

4830 YayAnonymity the Cleaver (level 10, -12/83 HPs)
             Began as a Hill Orc Fighter on May 12, 2022.
             Was a Follower of the Shining One.
             Mangled by a two-headed ogre
             ... wielding a +0 giant club
              (17 damage)
             ... on level 9 of the Dungeon on May 13, 2022.
             The game lasted 00:14:38 (11431 turns).

YayAnonymity the Cleaver (Hill Orc Fighter)        Turns: 11431, Time: 00:14:38

Health: -12/83     AC: 17    Str: 24    XL:     10   Next: 49%
Magic:  14/16      EV:  9    Int:  8    God:    the Shining One [*.....]
Gold:   68         SH: 14    Dex: 10    Spells: 9/9 levels left

rFire   + . .      SeeInvis .   a - +1 war axe
rCold   . . .      Faith    .   c - +0 buckler
rNeg    . . .      Spirit   .   G - +4 scale mail {Will+}
rPois   +          Reflect  .   d - +0 helmet
rElec   .          Harm     .   h - +0 cloak
rCorr   .          Rampage  +   s - +0 pair of gloves
Will    +....                   n - +0 pair of boots "Gaubo" {Rampage}
Stlth   ..........              (no amulet)
HPRegen 0.23/turn               x - ring of protection from fire
MPRegen 0.15/turn               o - ring of poison resistance

@: divinely shielded, glowing
A: no striking features
a: Renounce Religion, Divine Shield


You were on level 9 of the Dungeon.
You worshipped the Shining One.
The Shining One was aware of your devotion.
You visited 2 branches of the dungeon, and saw 10 of its levels.
You also visited: Ossuary.

You collected 297 gold pieces.
You spent 203 gold pieces at shops.
You donated 26 gold pieces to Zin.

Inventory:

Hand Weapons
 a - a +1 war axe (weapon)
 b - a +5 flail
Missiles
 g - 14 poisoned darts (quivered)
 m - 10 boomerangs
 u - 3 throwing nets
Armour
 c - a +0 buckler (worn)
 d - a +0 helmet (worn)
 h - a +0 cloak (worn)
 n - the +0 pair of boots "Gaubo" (worn) {Rampage}
   (You found it on level 3 of the Dungeon)

   Rampage:   It bestows one free step when moving towards enemies.
 s - a +0 pair of gloves (worn)
 G - a +4 scale mail of willpower (worn)
Jewellery
 o - a ring of poison resistance (right hand)
 x - a ring of protection from fire (left hand)
Wands
 i - a wand of charming (11)
 k - a wand of mindburst (24)
 y - a wand of iceblast (2)
 D - a wand of acid (12)
 F - a wand of flame (30)
Scrolls
 e - 5 scrolls of blinking
 q - a scroll of torment
 r - a scroll of magic mapping
 v - 6 scrolls of teleportation
 w - 2 scrolls of immolation
 B - 3 scrolls of enchant armour
 C - a scroll of enchant weapon
 E - 2 scrolls of identify
Potions
 f - 3 potions of flight
 j - 3 potions of attraction
 l - a potion of lignification
 p - 3 potions of curing
 t - 2 potions of cancellation
 z - a potion of brilliance
 A - 3 potions of haste


   Skills:
 + Level 5.8 Fighting
 * Level 14.4 Axes
 + Level 7.5 Armour
 - Level 4.0 Shields
 + Level 9.1 Invocations


You had 9 spell levels left.
You didn't know any spells.
Your spell library contained the following spells:

 Spells                   Type           Power      Damage    Failure   Level
 Foxfire                  Conj/Fire      0%         2x1d4     77%         1
 Magic Dart               Conj           0%         1d3       77%         1
 Shock                    Conj/Air       0%         1d3       77%         1
 Sting                    Tmut/Pois      0%         1d3       77%         1
 Call Imp                 Summ           0%         N/A       88%         2
 Ensorcelled Hibernation  Hex/Ice        0%         N/A       88%         2
 Passwall                 Tmut/Erth      0%         N/A       88%         2
 Poisonous Vapours        Pois/Air       0%         N/A       88%         2
 Searing Ray              Conj           0%         2d4       88%         2
 Gell's Gravitas          Tloc           0%         N/A       98%         3
 Ignite Poison            Fire/Tmut/Pois 0%         N/A       98%         3
 Lesser Beckoning         Tloc           0%         N/A       98%         3
 Mephitic Cloud           Conj/Pois/Air  0%         N/A       98%         3
 Ozocubu's Armour         Ice            0%         N/A       98%         3
 Swiftness                Air            0%         N/A       98%         3
 Teleport Other           Tloc           0%         N/A       98%         3
 Fulminant Prism          Conj/Hex       0%         3d6       100%        4
 Olgreb's Toxic Radiance  Pois           0%         N/A       100%        4
 Petrify                  Tmut/Erth      0%         N/A       100%        4
 Fireball                 Conj/Fire      0%         3d3       100%        5
 Freezing Cloud           Conj/Ice/Air   0%         6-21      100%        5
 Iskenderun's Battlesphe  Conj           0%         2d6       100%        5
 Metabolic Englaciation   Hex/Ice        0%         N/A       100%        5
 Summon Forest            Summ/Tloc      0%         N/A       100%        5
 Conjure Ball Lightning   Conj/Air       0%         3x3d6     100%        6
 Eringya's Noxious Bog    Tmut/Pois      0%         N/A       100%        6
 Simulacrum               Ice/Necr       0%         N/A       100%        6
 Orb of Destruction       Conj           0%         9d5       100%        7
 Ozocubu's Refrigeration  Ice            0%         4d5       100%        7
 Summon Hydra             Summ           0%         N/A       100%        7
 Discord                  Hex            0%         N/A       100%        8
 Disjunction              Tloc           0%         N/A       100%        8


Dungeon Overview and Level Annotations

Branches:
Dungeon (9/15)             Temple (1/1) D:7         Ossuary (visited)
   Lair: D:8-11         Orc: D:9-12

Altars:
Ashenzari
Cheibriados
Dithmenos
Elyvilon
Fedhas
Gozag
Hepliaklqana
Kikubaaqudgha
Makhleb
Nemelex Xobeh
Okawaru
Qazlal
Ru
Sif Muna
Uskayaw
Vehumet
Wu Jian
Xom
Yredelemnul
Zin
The Shining One

Shops:
D:6 *   D:8 (

Portals:
Abyss: D:4

Annotations:
D:4 2 transporters, OTABOTABOTAB's ghost, amateur DECj
D:5 2 transporters, Gloober's ghost, novice OgAE


Message History

You block the two-headed ogre's attack. x2
The hornet stings you but does no damage.
You hit the two-headed ogre.
The two-headed ogre is lightly wounded.
You barely miss the hornet. The hornet closely misses you.
You hit the two-headed ogre but do no damage.
The two-headed ogre is lightly wounded.
You barely miss the hornet.
The two-headed ogre hits you with a +0 giant club!
You block the two-headed ogre's attack. The hornet stings you.
You slash the two-headed ogre!
The two-headed ogre is moderately wounded.
You barely miss the hornet. The hornet stings you.
You barely miss the two-headed ogre.
The two-headed ogre is moderately wounded.
You hit the hornet but do no damage. You block the hornet's attack.
The two-headed ogre hits you with a +0 giant club!!
The two-headed ogre hits you with a +1 dire flail of pain!
You writhe in agony.
The hornet stings you!
* * * LOW HITPOINT WARNING * * *
You are too injured to fight recklessly!
You hit the two-headed ogre.
The two-headed ogre is moderately wounded.
You slash the hornet! The hornet stings you.
* * * LOW HITPOINT WARNING * * *
You hit the two-headed ogre but do no damage.
The two-headed ogre is moderately wounded.
You hit the hornet. You block the two-headed ogre's attack.
The two-headed ogre hits you with a +1 dire flail of pain.
* * * LOW HITPOINT WARNING * * *
You writhe in agony.
* * * LOW HITPOINT WARNING * * *
You block the hornet's attack.
You slash the two-headed ogre!
The two-headed ogre is heavily wounded.
You hit the hornet but do no damage. The hornet stings you.
* * * LOW HITPOINT WARNING * * *
You block the two-headed ogre's attack.
The two-headed ogre hits you with a +1 dire flail of pain!
You die...

....#..#####..?.#
...##..# #....# #.###..#
#....# .......# #....#
.####### #....#
.#....##. #....#
.#....... #....# .
.'....... #....####....
.#....... #....@O......
.###########.....y..#+##
.......#...#........#
.......#...#........+
.......#...'........#
.......#'###........#
#####...............#
'...#...............#
#...#...............#


You could see a two-headed ogre and a hornet.

Vanquished Creatures
  Joseph (D:7)
  A hornet (D:9)
  5 yaks (D:9)
  A steam dragon (D:6)
  Duvessa (D:6)
  2 ice beasts (D:6)
  An ogre (D:7)
  2 centaurs
  A kobold brigand (D:6)
  3 elf zombies (Ossuary)
  3 bullfrogs
  3 scorpions
  14 wights
  Dowan (D:7)
  6 killer bees
  4 human zombies (Ossuary)
  4 crimson imps (D:4)
  2 jellies
  2 hounds (D:5)
  5 centaur zombies (Ossuary)
  6 orc priests
  Crazy Yiuf (D:3)
  Jessica (D:3)
  4 iguanas
  3 orc wizards (D:6)
  3 mummies (Ossuary)
  Robin (D:3)
  12 gnolls
  7 adders
  3 shadow imps
  2 white imps
  4 dart slugs
  15 orcs
  A bat (D:3)
  2 endoplasms (D:3)
  4 giant cockroaches
  13 goblins
  7 hobgoblins
  5 jackals
  2 quokkas (D:2)
  7 ball pythons
  A goblin zombie (D:6)
  12 kobolds
  A quokka zombie (D:6)
  A rat (D:3)
180 creatures vanquished.

Vanquished Creatures (others)
  2 fungi (D:3)
  A withered plant (D:3)
3 creatures vanquished.

Grand Total: 183 creatures vanquished

Notes
Turn   | Place    | Note
-------+----------+-------------------------------------------
     0 | D:1      | YayAnonymity the Hill Orc Fighter began the quest for the
                  | Orb.
     0 | D:1      | Reached XP level 1. HP: 19/19 MP: 1/1
   165 | D:1      | Reached skill level 3 in Axes
   269 | D:1      | Reached XP level 2. HP: 23/26 MP: 2/2
   375 | D:1      | Reached skill level 4 in Axes
   712 | D:1      | Reached XP level 3. HP: 31/31 MP: 3/3
  1252 | D:2      | Reached skill level 5 in Axes
  1416 | D:2      | Found a faded altar of an unknown god.
  1648 | D:2      | You fall into a shaft and drop 1 floor!
  1849 | D:3      | Noticed Robin
  1852 | D:3      | Noticed Jessica
  1860 | D:3      | Reached XP level 4. HP: 19/39 MP: 4/4
  1862 | D:3      | Killed Robin
  1863 | D:3      | Reached skill level 6 in Axes
  1864 | D:3      | Killed Jessica
  2094 | D:3      | Found an ancient bone altar of Kikubaaqudgha.
  2119 | D:3      | Identified the +0 pair of boots "Gaubo" {Rampage}
  2191 | D:3      | Reached XP level 5. HP: 45/45 MP: 5/5
  2379 | D:2      | Reached skill level 7 in Axes
  2700 | D:2      | Found a glowing silver altar of Zin.
  2856 | D:2      | Became a worshipper of Zin the Law-Giver
  3595 | D:3      | Found a runed translucent door.
  3596 | D:3      | Noticed Crazy Yiuf
  3606 | D:3      | Killed Crazy Yiuf
  3840 | D:4      | Reached * piety under Zin
  3957 | D:4      | Reached skill level 1 in Invocations
  3957 | D:4      | Reached XP level 6. HP: 17/52 MP: 6/6
  4227 | D:4      | Found a shimmering altar of Xom.
  4263 | D:4      | Found a transporter.
  4284 | D:4      | Noticed OTABOTABOTAB's ghost (amateur DECj)
  4286 | D:4      | Found a one-way gate to the infinite horrors of the Abyss.
  4287 | D:4      | Found a transporter.
  4347 | D:4      | Got Sif Muna's Volume of Combat Magic and Transmigration
  4635 | D:5      | Entered Level 5 of the Dungeon
  4635 | D:5      | Found a hide-covered altar of Uskayaw.
  4654 | D:5      | Reached XP level 7. HP: 56/60 MP: 8/8
  4676 | D:5      | Found a radiant altar of Vehumet.
  4681 | D:5      | Reached skill level 8 in Axes
  4815 | D:5      | Found a snail-covered altar of Cheibriados.
  4828 | D:5      | Found a sacrificial altar of Ru.
  5103 | D:5      | Noticed Gloober's ghost (novice OgAE)
  5104 | D:5      | Found a transporter.
  5108 | D:5      | Found a transporter.
  5340 | D:5      | Reached skill level 5 in Fighting
  5803 | D:6      | Found Recleeni's Assorted Antiques.
  5804 | D:6      | Noticed a steam dragon
  5817 | D:6      | Reached skill level 9 in Axes
  5817 | D:6      | Reached XP level 8. HP: 39/68 MP: 10/10
  5824 | D:6      | Reached skill level 5 in Armour
  6138 | D:6      | Found a sand-covered staircase.
  6150 | Ossuary  | Entered an ossuary
  6263 | Ossuary  | Reached skill level 10 in Axes
  6263 | Ossuary  | Reached ** piety under Zin
  6469 | Ossuary  | Reached skill level 5 in Invocations
  6636 | D:6      | Reached skill level 11 in Axes
  6636 | D:6      | Reached XP level 9. HP: 74/74 MP: 13/13
  7449 | D:7      | Noticed Duvessa
  7449 | D:7      | Noticed Dowan
  7454 | D:7      | Killed Dowan
  7461 | D:7      | Noticed Joseph
  7474 | D:6      | Killed Duvessa
  7724 | D:6      | HP: 2/74 [wight/+0 great sword (8)]
  7724 | D:6      | Zin protects you from harm!
  7726 | D:6      | Reached skill level 12 in Axes
  8092 | D:7      | Found a staircase to the Ecumenical Temple.
  8426 | D:7      | Killed Joseph
  8427 | D:7      | Reached skill level 13 in Axes
  8796 | Temple   | Entered the Ecumenical Temple
  9606 | D:8      | Reached XP level 10. HP: 74/81 MP: 16/16
  9617 | D:8      | Reached *** piety under Zin
  9841 | Temple   | Fell from the grace of Zin
  9841 | Temple   | Became a worshipper of the Shining One
  9841 | Temple   | Reached * piety under the Shining One
  9858 | D:7      | Upgraded the game from 0.29-a0-397-g846e4a0bbc to
                  | 0.29-a0-398-ge13fd1374b
  9929 | D:6      | Bought a glowing scale mail for 203 gold pieces
 10142 | D:8      | Found Othriseu's Weapon Shop.
 10782 | D:9      | Found an iron altar of Okawaru.
 10801 | D:9      | Reached skill level 14 in Axes
 11421 | D:9      | Noticed a two-headed ogre
 11422 | D:9      | Reached ** piety under the Shining One
 11431 | D:9      | Mangled by a two-headed ogre

Illustrated notes

Levels and vault maps discovered:
D:1:      amcnicky_arrival_choice, layout_basic
D:2:      layout_rooms, basic_altar, serial_co_window_serial,
          co_window_corner_a, co_window_of_opportunity_a, co_window_paths_a,
          co_window_paths_a, co_window_of_opportunity_a, co_window_paths_b,
          co_window_corner_a, co_window_broadway_b, co_window_of_opportunity_b,
          co_window_cross_3, co_window_paths_c, co_window_corner_b,
          co_window_unsneaky_path_e, co_window_paths_e, glass_columns_c,
          glass_columns_a, glass_columns_b, glass_columns_a, glass_columns_a,
          shapermc_ecumenical_altar_pompeii, serial_park_tiny_2
D:3:      layout_basic, kiku_gazebo_garden_becter, uniq_robin, uniq_jessica,
          uniq_crazy_yiuf_cottage
D:4:      layout_basic, led_xom_imps, gammafunk_ghost_abyssal_escape,
          hangedman_decor_growths, interstate_on_off
D:5:      layout_basic, nicolae_vehumet_radiance, overflow_temple_1_default,
          mainiacjoe_overflow_catwalk_spiral, gammafunk_ghost_smash,
          minivault_11
D:6:      layout_loops_ring, serial_shops, nicolae_stop_n_shop_2,
          enter_ossuary_4, kennysheep_crisscross, minmay_misc_feat_rows,
          minmay_strange_pillars
D:7:      layout_cave_pools, minmay_temple_entry_drinking_statues,
          grunt_ogre_cave, chequers_serial_rivers_room_a, uniq_joseph,
          uniq_duvessa
D:8:      layout_cave_pods, serial_shops, nicolae_shop_bloodbath_and_beyond
D:9:      layout_gridville, kennysheep_mini, mainiacjoe_overflow_brackets,
          minmay_misc_feat_enclosed
Temple:   eino_narrow_crystal_temple

Skill      XL: |  1  2  3  4  5  6  7  8  9 10 |
---------------+-------------------------------+-----
Axes           | 3 4 5 6 7 9 11 13 14 | 14.4
Invocations    | 1 2 3 5 8 9 |  9.1
Fighting       | 4 5 |  5.8
Armour         | 4 6 7 |  7.5
Shields        | 4 |  4.0

Action                   |  1- 3 |  4- 6 |  7- 9 | 10-12 || total
-------------------------+-------+-------+-------+-------++-------
Melee: War axe           |    62 |   135 |   298 |    85 ||   580
Invok: Recite            |       |       |     3 |       ||     3
       Vitalisation      |       |       |     1 |       ||     1
       Divine Shield     |       |       |       |     1 ||     1
  Use: Potion            |     1 |       |     3 |       ||     4
       Scroll            |       |    11 |     9 |     2 ||    22
 Stab: Confused          |       |       |     1 |       ||     1
Armor: Scale mail        |    25 |    78 |   190 |    24 ||   317
Dodge: Dodged            |    37 |    61 |   174 |    27 ||   299
Block: Buckler           |    21 |    34 |    79 |    19 ||   153

Table legend: (Time is in decaauts)
 A = Elapsed time spent in this place.
 B = Non-inter-level travel time spent in this place.
 C = Inter-level travel time spent in this place.
 D = Time resting spent in this place.
 E = Time spent auto-exploring this place.
 F = Levels seen in this place.
 G = Mean time per level.
                   A        B        C        D        E       F      G
               +--------+--------+--------+--------+--------+-----+--------+
         Total |  11465 |  10851 |    614 |   2447 |   6905 |  11 | 1042.3 |
       Dungeon |  10842 |  10268 |    574 |   2299 |   6585 |   9 | 1204.7 |
        Temple |    207 |    167 |     40 |      0 |    156 |   1 |  207.0 |
       Ossuary |    415 |    415 |      0 |    148 |    164 |   1 |  415.0 |
               +--------+--------+--------+--------+--------+-----+--------+

Top non-repeatable levels by time:
     D:6: 2496 daAuts
     D:3: 1467 daAuts
     D:1: 1232 daAuts
     D:5: 1147 daAuts
     D:2: 1057 daAuts
     D:4: 925 daAuts
     D:7: 920 daAuts
     D:8: 919 daAuts
     D:9: 675 daAuts
 Ossuary: 415 daAuts
  Temple: 207 daAuts
